 Dungeon Crawl Stone Soup version 0.21.1-1-g345015f (webtiles) character file.

37 inc the Conjurer (level 3, 14/14 HPs)
             Began as a Felid Venom Mage on Mar 4, 2018.
             Quit the game on level 2 of the Dungeon.
             The game lasted 00:04:26 (2387 turns).

inc the Conjurer (Felid Venom Mage)                 Turns: 2387, Time: 00:04:26

Health: 14/14      AC:  1    Str:  4    XL:     3   Next: 21%
Magic:  7/7        EV: 18    Int: 17    God:
Gold:   98         SH:  0    Dex: 16    Spells: 5/6 levels left
                                        Lives:  0   Deaths: 1

rFire    . . .     SeeInvis +   (weapon unavailable)
rCold    . . .     Gourm    .   (shield unavailable)
rNeg     . . .     Faith    .   (armour unavailable)
rPois    .         Spirit   .   (helmet unavailable)
rElec    .         Reflect  .   (cloak unavailable)
rCorr    .         Harm     .   (gloves unavailable)
MR       .....                  (boots unavailable)
Stlth    +++.......             (no amulet)
HPRegen  0.04/turn              (no ring)
MPRegen  0.10/turn              (no ring)

@: quick
A: very small, no armour, no weapons or thrown items, stealth, claws 1, fangs 3,
see invisible, carnivore, speed 1, shaggy fur 1, slow metabolism 1, sharp paws
a: no special abilities


You were on level 2 of the Dungeon.
You were not hungry.

You visited 1 branch of the dungeon, and saw 2 of its levels.

You collected 98 gold pieces.

Inventory:

Jewellery
 e - an uncursed ring of ice
Scrolls
 c - a scroll of magic mapping {unknown}
 d - 2 scrolls of fog {unknown}
 f - a scroll of teleportation {unknown}
 g - 2 scrolls of remove curse {unknown}
Potions
 h - a potion of curing {unknown}
Books
 a - a Young Poisoner's Handbook

   Spells                             Type                      Level
   a - Sting                          Conjuration/Poison           1
   b - Poisonous Vapours              Poison/Air                   2
   c - Mephitic Cloud                 Conjuration/Poison/Air       3
   d - Olgreb's Toxic Radiance        Poison                       4
   e - Venom Bolt                     Conjuration/Poison           5
Comestibles
 b - 5 rations


   Skills:
 - Level 2.6 Dodging
 - Level 2.6 Stealth
 - Level 2.0 Spellcasting
 + Level 3.7 Conjurations
 - Level 2.6 Poison Magic


You had 5 spell levels left.
You knew the following spells:

 Your Spells              Type           Power        Failure   Level  Hunger
a - Sting                 Conj/Pois      ##..         4%          1    #......


Dungeon Overview and Level Annotations

Branches:
Dungeon (2/15)

Altars:
Makhleb


Innate Abilities, Weirdness & Mutations

You cannot wear armour.
You are incapable of wielding weapons or throwing items.
Your paws allow you to move quietly. (Stealth)
You have sharp claws.
You have razor-sharp teeth.
You have supernaturally acute eyesight. (SInv)
You are carnivorous and can eat meat at any time.
You cover ground quickly.
You are covered in fur. (AC +1)
You have a slow metabolism.
Your sharp claws are effective at attacking unaware monsters.


Message History

There is a stone staircase leading up, spattered with blood here.
The bat misses you. The gnoll hits you!
* * * LOW HITPOINT WARNING * * *
The bat hits you but does no damage. The bat hits you.
* * * LOW HITPOINT WARNING * * *
The bat completely misses you. The bat completely misses you.
The bat hits you but does no damage. The bat closely misses you.
The bat misses you.
Casting: Sting
Confirm with . or Enter, or press ? or * to list all spells.
Aiming: Sting
Press: ? - help, Shift-Dir - straight line, f - bat
Aim: a bat The sting misses the bat.
The bat misses you. The bat hits you.
You die...
You are now level 3!
You rejoin the land of the living...
Are you sure you want to abandon this character and quit the game? (Confirm with "yes".)

#......+........# #
#######......#######.>..
. .............#
........ ........##'###
......... .............#
......... .............#
#.........
.............#
#..g.....g
.............# .....
..........@..# .....
########....[#
#.....##########
#.....'....†bS.#
#.....########.#
#######......#.#
#.####.#S##### #.#
#.#g.).gl #.# #...g....


There were no monsters in sight!

Vanquished Creatures
  A hound (D:2)
  An adder (D:2)
  An ooze (D:2)
  A worm (D:2)
  2 dart slugs
  A leopard gecko (D:2)
  4 giant cockroaches
  5 goblins (D:1)
  3 hobgoblins (D:2)
  3 kobolds
  2 bats
  2 frilled lizards
  7 rats
33 creatures vanquished.

Notes
Turn   | Place    | Note
-------+----------+-------------------------------------------
     0 | D:1      | inc the Felid Venom Mage began the quest for the Orb.
     0 | D:1      | Reached XP level 1. HP: 7/7 MP: 4/4
     9 | D:1      | Reached skill level 1 in Conjurations
   391 | D:1      | Reached XP level 2. HP: 11/11 MP: 3/6
   396 | D:1      | Reached skill level 2 in Conjurations
  1373 | D:2      | Reached XP level 3. HP: 6/14 MP: 1/7
  1799 | D:2      | Reached skill level 3 in Conjurations
  1876 | D:2      | Reached XP level 4. HP: 18/18 MP: 1/8
  2242 | D:2      | Found a burning altar of Makhleb.
  2386 | D:2      | Slain by a bat
  2387 | D:2      | Reached XP level 3. HP: 0/14 MP: 5/7
  2387 | D:2      | Quit the game

Skill      XL: |  1  2  3 |
---------------+----------+-----
Conjurations   | 1 2 3 |  3.7
Dodging        | |  2.6
Stealth        | |  2.6
Spellcasting   | |  2.0
Poison Magic   | |  2.6

Action                   |  1- 3 |  4- 6 || total
-------------------------+-------+-------++-------
Melee: Unarmed           |     7 |     9 ||    16
 Cast: Sting             |    77 |    17 ||    94
  Eat: Chunk             |     3 |     1 ||     4
Armor: Skin              |       |     4 ||     4
Dodge: Dodged            |    22 |    24 ||    46
